 Dungeon Crawl Stone Soup version 0.27-a0-263-gc8dee61f84 (webtiles) character file.

Game seed: 2947781967702702125

791 gimp the Shield-Bearer (level 7, -4/67 HPs)
             Began as a Tengu Fighter on Feb 4, 2021.
             Slain by a sky beast (5 damage)
             ... on level 5 of the Dungeon.
             The game lasted 00:06:12 (4949 turns).

gimp the Shield-Bearer (Tengu Fighter)              Turns: 4949, Time: 00:06:12

Health: -4/67      AC:  8    Str: 18    XL:     7   Next: 88%
Magic:  8/8        EV:  9    Int:  8    God:
Gold:   210        SH: 10    Dex: 14    Spells: 6/6 levels left

rFire    . . .     SeeInvis .   a - +0 war axe
rCold    . . .     Faith    .   c - +0 kite shield
rNeg     . . .     Spirit   .   b - +0 scale mail
rPois    .         Reflect  .   (helmet restricted)
rElec    .         Harm     .   o - +0 cloak
rCorr    .         Rampage  .   (no gloves)
Will     .....                  (boots unavailable)
Stlth    ..........             (no amulet)
HPRegen  0.21/turn              (no ring)
MPRegen  0.11/turn              (no ring)

@: berserking, flying quickly and evasively, very quick
A: beak, talons 3, able to fly
a: Stop Flying


You were on level 5 of the Dungeon.
You visited 1 branch of the dungeon, and saw 5 of its levels.

You collected 210 gold pieces.

Inventory:

Hand Weapons
 a - a +0 war axe (weapon)
Missiles
 i - 40 poisoned darts (quivered)
Armour
 b - a +0 scale mail (worn)
 c - a +0 kite shield (worn)
 o - a +0 cloak (worn)
 s - a +0 chain mail
Wands
 h - a wand of acid (11)
 r - a wand of flame (12)
Scrolls
 e - 4 scrolls of remove curse
 f - a scroll of magic mapping {unknown}
 j - a scroll of noise {unknown}
 k - a scroll of immolation
 m - 2 scrolls of enchant armour {unknown}
 n - 2 scrolls of enchant weapon {unknown}
 p - a scroll of fog
 q - a scroll of identify
 y - 2 scrolls of fear {unknown}
Potions
 d - a potion of might
 l - a potion of heal wounds {unknown}
 t - 2 potions of lignification {unknown}
 u - a potion of brilliance {unknown}
 v - a potion of flight {unknown}
 w - a potion of haste {unknown}


   Skills:
 + Level 5.7 Fighting
 + Level 5.7 Axes
 - Level 3.2 Armour
 + Level 5.7 Shields


You had 6 spell levels left.
You didn't know any spells.
Your spell library contained the following spells:

 Spells                   Type           Power        Failure   Level
 Corona                   Hex            0%           99%         1
 Ensorcelled Hibernation  Hex/Ice        0%           100%        2
 Confusing Touch          Hex            0%           100%        3
 Dazzling Flash           Conj/Hex       0%           100%        3
 Tukima's Dance           Hex            0%           100%        3


Dungeon Overview and Level Annotations

Branches:
Dungeon (5/15)
 Temple: D:4-7

Altars:
Fedhas
Kikubaaqudgha
Xom
The Shining One


Innate Abilities, Weirdness & Mutations

You have a beak for a mouth.
You have claws for feet.
You can fly continuously.


Message History

You now have 14/66 hp.
You hit the jelly.
You kill the jelly!
You hit something. Something completely misses you.
You hit the iguana. You claw the iguana!
You kill the iguana!
You miss something. Something hits you.
* * * LOW HITPOINT WARNING * * *
Something shocks you.
* * * LOW HITPOINT WARNING * * *
You take 7 damage, and have 7/67 hp.
Something hits you.
* * * LOW HITPOINT WARNING * * *
Something shocks you.
* * * LOW HITPOINT WARNING * * *
You take 5 damage, and have 2/67 hp.
You slash something! You claw something! Something hits you.
* * * LOW HITPOINT WARNING * * *
Something shocks you.
You die...

... #>.. ##.. ##..#...
.... #...#..< #...
...#....# #...
..###.... ....
#..#..#.##### ##..
#..........# +..
####+#.....#### #..
#....@........# ###
#....{........# #
#.............# .. #
#.............# .#.#
#.............##.#.###
#.............#≈≈≈≈≈..
#.............≈≈≈≈≈§≈#
#.............≈≈≈.°§≈#
...........≈..☼§≈≈.


There were no monsters in sight!

Vanquished Creatures
  An ice beast (D:5)
  A sky beast (D:5)
  An ogre (D:3)
  3 hounds
  A jelly (D:5)
  2 orc priests (D:3)
  A bullfrog skeleton (D:5)
  3 iguanas (D:5)
  2 worker ants (D:4)
  Ijyb (D:3)
  5 adders
  A shadow imp (D:5)
  2 dart slugs
  4 leopard geckos
  16 orcs
  8 bats
  5 giant cockroaches
  6 goblins
  9 hobgoblins
  13 jackals
  2 quokkas
  4 frilled lizards
  A jackal skeleton (D:5)
  6 kobolds
  6 rats
104 creatures vanquished.

Vanquished Creatures (others)
  An ogre (D:5)
  A worker ant (D:5)
  A giant cockroach (D:5)
3 creatures vanquished.

Grand Total: 107 creatures vanquished

Notes
Turn   | Place    | Note
-------+----------+-------------------------------------------
     0 | D:1      | gimp the Tengu Fighter began the quest for the Orb.
     0 | D:1      | Reached XP level 1. HP: 14/14 MP: 2/2
   130 | D:1      | Reached XP level 2. HP: 19/19 MP: 3/3
   630 | D:1      | Reached XP level 3. HP: 23/23 MP: 4/4
  1355 | D:2      | Found an ancient bone altar of Kikubaaqudgha.
  1361 | D:2      | Reached XP level 4. HP: 26/29 MP: 5/5
  1812 | D:2      | Found a shimmering altar of Xom.
  2106 | D:3      | Noticed Ijyb
  2121 | D:3      | Killed Ijyb
  2122 | D:3      | Gained mutation: You can fly continuously. [Tengu growth]
  2122 | D:3      | Reached XP level 5. HP: 3/33 MP: 6/6
  2817 | D:3      | Noticed an ogre
  2880 | D:3      | Reached XP level 6. HP: 35/39 MP: 7/7
  3145 | D:3      | Found a blossoming altar of Fedhas.
  4165 | D:4      | Found a glowing golden altar of the Shining One.
  4561 | D:4      | Reached skill level 5 in Fighting
  4561 | D:4      | Reached skill level 5 in Shields
  4561 | D:4      | Reached XP level 7. HP: 35/44 MP: 8/8
  4643 | D:5      | Entered Level 5 of the Dungeon
  4798 | D:5      | Reached skill level 5 in Axes
  4838 | D:5      | Found a shimmering altar of Xom.
  4948 | D:5      | HP: 2/67 [something (5)]
  4949 | D:5      | Slain by a sky beast

Illustrated notes

Levels and vault maps discovered:
D:1:      dpeg_arrival_morbid_curiosity, layout_basic
D:2:      layout_basic, lemuel_round_altar, minmay_hexomino_r4
D:3:      layout_loops_ring, fedhas_altar_4, uniq_ijyb
D:4:      layout_gridville, tso_metal_star
D:5:      layout_basic, minmay_strange_pillars, xom_confusion_cloud

Skill      XL: |  1  2  3  4  5  6  7 |
---------------+----------------------+-----
Axes           | 3 4 5 |  5.7
Fighting       | 4 5 |  5.7
Shields        | 4 5 |  5.7
Armour         | |  3.2

Action                   |  1- 3 |  4- 6 |  7- 9 || total
-------------------------+-------+-------+-------++-------
Melee: War axe           |    81 |   127 |    36 ||   244
       Kick              |    15 |    44 |    14 ||    73
       Peck              |    14 |    17 |     9 ||    40
 Abil: Fly               |       |     1 |       ||     1
  Use: Scroll            |       |     5 |       ||     5
       Potion            |       |       |     1 ||     1
Armor: Scale mail        |    43 |    64 |    14 ||   121
Dodge: Dodged            |    35 |    55 |     7 ||    97
Block: Kite shield       |    53 |    71 |    24 ||   148

Table legend: (Time is in decaauts)
 A = Elapsed time spent in this place.
 B = Non-inter-level travel time spent in this place.
 C = Inter-level travel time spent in this place.
 D = Time resting spent in this place.
 E = Time spent auto-exploring this place.
 F = Levels seen in this place.
 G = Mean time per level.
                   A        B        C        D        E       F      G
               +--------+--------+--------+--------+--------+-----+--------+
         Total |   4943 |   4809 |    134 |      0 |   4096 |   5 |  988.6 |
       Dungeon |   4943 |   4809 |    134 |      0 |   4096 |   5 |  988.6 |
               +--------+--------+--------+--------+--------+-----+--------+

Top non-repeatable levels by time:
     D:3: 1473 daAuts
     D:4: 1172 daAuts
     D:2: 1011 daAuts
     D:1: 981 daAuts
     D:5: 305 daAuts
